Map: Avalon Labs

Players

highendalex

  • Race: Terran Terran

Dâêmôn

  • Race: Terran Terran
  • League: Silver

zMsyyy

  • Race: Terran Terran
  • League: Gold

JohnMcClane - Winner!

  • Race: Terran Terran
  • League: Silver

Hindulaatti - Winner!

  • Race: Zerg Zerg

JackONeill - Winner!

  • Race: Zerg Zerg

VOD

Have the link to the VOD?

Description

Time

  • Played on: Feb. 2, 2016, 4:44 a.m.
  • Length: 16:38
Show
View Real Time Build Order
Export as new Build Order

highendalex Terran 

Build Orders:  

Get SALT Encoding   

  12  0:00  SCV  
  13  0:13  SCV  
  14  0:19  Supply Depot  
  14  0:25  SCV  
  15  0:40  SCV  
  15  0:41  Barracks  
  16  0:57  Barracks  
  16  0:58  SCV  
  17  1:10  Barracks  
  17  1:14  Supply Depot  
  17  1:25  Supply Depot  
  17  1:26  SCV  
  17  1:29  Marine  
  19  1:39  SCV  
  20  1:44  Marine  
  21  1:47  Marine  
  22  1:55  SCV  
  22  1:57  Marine  
  24  2:02  Marine  
  24  2:05  Marine  
  24  2:07  SCV  
  27  2:10  Refinery  
  27  2:15  Marine  
  28  2:19  Supply Depot  
  28  2:20  Marine  
  29  2:23  Marine  
  30  2:33  Marine  
  31  2:38  Marine  
  31  2:40  Marine  
  33  2:50  Marine  
  34  2:52  Barracks  
  34  2:56  Marine  
  35  2:58  Marine  
  35  2:59  Supply Depot  
  36  3:08  Marine  
  37  3:13  Marine  
  37  3:16  Marine  
  39  3:26  Marine  
  40  3:31  Marine  
  40  3:34  Marine  
  42  3:41  Barracks Tech Lab  
  42  3:44  Marine  
  39  3:49  Marine  
  39  3:52  Marine  
  41  3:59  Marine  
  41  4:02  Marine  
  41  4:03  Combat Shields  
  41  4:07  Marine  
  41  4:09  Marine  
  31  4:17  Marine  
  31  4:19  Marine  
  33  4:25  Factory, Marine  
  33  4:27  Marine  
  35  4:35  Marine  
  35  4:37  Marine  
  35  4:43  Marine  
  35  4:45  Marine  
  37  4:53  Marine  
  37  4:55  Marine  
  39  5:00  Marine  
  41  5:09  Barracks Reactor  
  41  5:10  Marine  
  41  5:11  Factory Tech Lab  
  41  5:13  Marine  
  42  5:18  Marine  
  43  5:24  Command Center  
  43  5:28  Marine  
  43  5:31  Marine  
  45  5:36  Starport, Supply Depot  
  45  5:37  Marine  
  46  5:46  Marine  
  46  5:47  SCV  
  46  5:48  Marine  
  49  5:56  Marine x2  
  51  6:01  Marine  
  51  6:04  Marine  
  52  6:06  SCV  
  52  6:09  Marine  
  55  6:17  Medivac  
  57  6:25  Marine x3  
  60  6:39  Marine x2  
  45  6:43  Marine x3  
  41  6:49  Siege Tank  
  44  6:55  SCV x2  
  44  6:57  Marine  
  45  7:09  Marine x4  
  45  7:15  Marine  
  50  7:18  SCV x2  
  52  7:26  Marine, Siege Tank  
  52  7:29  Marine  
  57  7:35  Marine  
  57  7:36  Marine  
  59  7:37  Marine  
  60  7:45  Refinery  
  60  7:46  SCV x2  
  60  7:49  Marine  
  63  7:52  Marine  
  63  7:57  Medivac  
  66  7:58  SCV  
  67  8:13  SCV  
  67  8:14  SCV  
  67  8:15  Marine  
  67  8:16  Marine x4  
  74  8:24  Siege Tank  
  74  8:25  SCV  
  78  8:33  Supply Depot  
  78  8:39  Supply Depot  
  78  8:40  Orbital Command  
  78  8:54  Medivac, Marine x3, SCV  
  83  9:14  Marine x5  
  88  9:29  Siege Tank  
  88  9:30  Medivac  
  93  9:32  Marine  
  94  10:12  Engineering Bay  
  94  10:14  Engineering Bay  
  94  10:15  Supply Depot  
  94  10:17  Supply Depot  
  94  10:18  Supply Depot  
  94  10:23  Marine x5  
  94  10:25  Medivac  
  94  10:26  Siege Tank  
  91  10:41  Marine x4  
  87  10:46  Stimpack  
  77  10:58  Marine x3  
  77  11:00  Barracks Reactor  
  77  11:03  Terran Infantry Weapons Level 1  
  80  11:08  Refinery  
  80  11:09  Barracks Reactor  
  80  11:10  Refinery  
  79  11:12  Siege Tank  
  79  11:13  Medivac  
  79  11:16  Marine x3  
  79  11:18  Terran Infantry Armor Level 1  
  87  11:34  Marine x3  
  90  11:43  Medivac  
  90  11:44  Siege Tank  
  90  11:46  Marine x3  
  98  11:47  Marine  
  98  11:52  Marine x3  
  102  12:04  Marine x4  
  106  12:10  Marine x3  
  106  12:13  Medivac  
  111  12:17  Siege Tank  
  111  12:22  Marine x4  
  76  12:39  Marine x4  
  76  12:40  Marine x3  
  83  12:49  Siege Tank  
  86  12:54  Concussive Shells  
  86  12:57  Marine x4  
  86  12:58  Marine x3  
  78  13:14  Marine  
  78  13:15  Marine x5  
  78  13:16  Marine  
  82  13:30  Medivac  
  82  13:32  Marine x2  
  82  13:33  Marine x4  
  82  13:34  Marine  
  91  13:50  Marine  
  92  13:59  Medivac  
  92  14:00  Command Center  
  94  14:08  Orbital Command  
  94  14:25  Marine x3  
  94  14:26  Marine x4  
  101  14:37  Supply Depot  
  101  14:43  Marine x4  
  101  14:44  Marine x3  
  101  14:45  Supply Depot  
  108  14:48  Medivac  
  110  15:01  Marine x3  
  68  15:53  Marine x3  
  68  15:54  Marine x4  
  38  16:11  Marine x5  
  36  16:12  Marine x2  
Show
View Real Time Build Order
Export as new Build Order

Dâêmôn Terran 

Build Orders:  

Get SALT Encoding   

  12  0:01  SCV  
  13  0:14  Supply Depot  
  13  0:18  SCV  
  14  0:37  Barracks  
  14  0:45  Barracks  
  14  0:59  Barracks  
  14  1:11  SCV  
  15  1:25  Supply Depot, Marine  
  16  1:34  Marine  
  17  1:43  Marine  
  17  1:45  Marine  
  19  1:48  Supply Depot  
  19  1:52  Marine  
  20  2:01  Marine  
  20  2:03  Marine  
  22  2:10  Marine  
  22  2:11  Supply Depot  
  23  2:19  Marine  
  23  2:21  Marine  
  25  2:27  Marine  
  26  2:37  Marine  
  26  2:38  Refinery  
  26  2:39  Marine  
  28  2:45  Marine  
  29  2:55  Marine  
  30  3:03  Marine  
  30  3:04  Marine  
  32  3:13  Marine  
  33  3:21  Marine x2  
  35  3:30  Marine  
  34  3:56  Marine x3  
  33  4:04  SCV  
  25  4:13  Marine  
  25  4:14  Marine x2  
  28  4:31  Marine x2  
  28  4:32  Marine  
  28  4:34  Factory  
  31  4:43  Supply Depot  
  31  4:49  Marine x3  
  34  5:07  Marine x3  
  37  5:25  Marine x3  
  40  5:42  Marine  
  40  5:43  Marine x2  
  40  5:49  Factory Tech Lab  
  40  6:00  Marine x2  
  40  6:01  Marine  
  43  6:17  SCV  
  44  6:18  Marine x3  
  39  6:36  Marine x3  
  30  6:49  Siege Tank  
  30  6:54  Marine x3  
  32  7:02  Refinery  
  32  7:12  Marine  
  33  7:22  Barracks Tech Lab  
  31  7:26  Barracks Reactor  
  31  7:29  Marine  
  32  7:43  Marauder  
  34  7:47  Marine  
  35  7:59  SCV  
  35  8:05  Marauder, Marine  
  39  8:11  SCV  
  40  8:18  Command Center  
  40  8:23  Marine x2  
  40  8:25  Marine  
  43  8:27  Marine  
  44  8:41  Marine x2  
  45  8:44  Marauder  
  45  8:45  Marine  
  45  8:47  Combat Shields  
  49  9:03  Marine x3  
  49  9:05  Marauder  
  54  9:20  Marine  
  55  9:29  Marauder  
  51  9:55  Orbital Command  
  51  10:00  SCV  
  51  10:06  Marauder, Marine x2  
  56  10:13  SCV  
  57  10:18  Stimpack  
  57  10:25  SCV  
  57  10:27  Marauder  
  38  10:37  SCV  
  37  10:49  SCV  
  38  10:50  Marine x3  
  38  10:51  Marine  
  42  11:01  SCV  
  43  11:08  Marine x4  
  47  11:13  SCV  
  47  11:15  Siege Tank  
  51  11:25  SCV  
  52  11:27  Marauder  
  41  12:16  Marauder, Marine  
  41  12:17  Marine x2  
  41  12:21  Siege Tank  
  48  12:34  Marine x2  
  48  12:35  Marine  
  51  12:37  Marauder  
  53  12:52  Marine x3  
  56  12:59  Marauder  
  48  13:10  Marine x3  
  51  13:20  Marauder  
  53  13:28  Starport, Marine x3  
  56  13:41  Marine  
  56  13:46  Marine x3  
  56  13:48  Supply Depot  
  60  13:59  Marine  
  61  14:03  Marine  
  61  14:04  Marine x2  
  64  14:10  Supply Depot  
  64  14:11  Starport Tech Lab  
  64  14:17  Starport, Marine  
  64  14:21  Marine x2  
  64  14:22  Marine  
  68  14:32  Supply Depot  
  68  14:34  Marine  
  69  14:39  Marine x3  
  69  14:45  Refinery  
  72  14:49  Refinery, SCV  
  72  14:52  Marine  
  73  14:54  Starport  
  73  14:57  Marine x3  
  77  15:01  SCV  
  78  15:10  Marine  
  78  15:13  SCV  
  80  15:15  Marine x3  
  83  15:25  SCV  
  83  15:28  Marine  
  84  15:32  Marine  
  84  15:33  Marine x2  
  88  15:38  SCV  
  89  15:44  Fusion Core  
  89  15:46  Marine  
  90  15:50  Marine x2  
  90  15:51  Marine  
  93  16:04  Marine  
  91  16:08  Marine x3  
Show
View Real Time Build Order
Export as new Build Order

zMsyyy Terran 

Build Orders: MMM Bio 

Get SALT Encoding   

  12  0:01  SCV  
  13  0:13  SCV  
  14  0:19  Supply Depot  
  14  0:25  SCV  
  15  0:40  SCV  
  15  0:42  Barracks  
  16  0:54  SCV  
  16  0:55  Barracks  
  17  1:06  SCV  
  18  1:12  Barracks  
  18  1:40  Marine  
  18  1:46  Barracks  
  19  1:47  Supply Depot  
  19  1:48  Refinery, SCV  
  19  1:50  Marine  
  21  1:59  Marine  
  21  2:00  SCV  
  23  2:08  Marine  
  23  2:09  Supply Depot  
  23  2:18  Marine x2  
  25  2:26  Supply Depot  
  25  2:34  Marine  
  25  2:35  Marine  
  25  2:36  Marine x2  
  29  2:52  Marine x2  
  29  2:53  Marine  
  29  2:54  Marine  
  33  3:10  Marine x2  
  33  3:11  Marine x2  
  35  3:38  Marine x4  
  39  3:55  Marine  
  39  3:56  Marine x3  
  35  4:04  Supply Depot  
  35  4:06  Supply Depot  
  32  4:13  Marine x2  
  32  4:14  Marine x2  
  31  4:31  Marine x3  
  31  4:32  Marine  
  32  4:49  Marine x4  
  27  5:07  Marine x4  
  27  5:14  Barracks  
  31  5:17  Engineering Bay  
  31  5:24  Marine  
  31  5:25  Marine x3  
  35  5:36  Orbital Command  
  35  5:42  Marine  
  35  5:43  Marine  
  37  6:00  Barracks Tech Lab  
  37  6:20  Command Center  
  35  6:39  Barracks Reactor x2  
  27  6:40  Barracks Reactor  
  27  6:41  Terran Infantry Weapons Level 1  
  27  6:42  Barracks Reactor  
  27  6:44  Stimpack  
  27  6:45  Marine  
  22  6:58  Missile Turret  
  22  7:03  Marine  
  23  7:15  Marine x3  
  23  7:16  Marine x3  
  23  7:18  Marine  
  23  7:21  Marine  
  31  7:28  Marine  
  32  7:33  Marine  
  33  7:39  Orbital Command  
  33  7:46  SCV  
  34  7:55  Refinery  
  35  7:58  SCV  
  35  8:09  SCV  
  36  8:21  SCV  
  36  8:24  Marine  
  36  8:25  Marine x5  
  36  8:27  Factory  
  43  8:29  Marine  
  43  8:30  Marine  
  43  8:33  SCV  
  46  8:35  Terran Infantry Armor Level 1  
  46  8:44  Combat Shields  
  46  8:45  SCV  
  47  8:52  Missile Turret  
  47  8:57  Marine x2  
  47  8:58  Marine x5, SCV  
  47  8:59  Marine  
  56  9:10  SCV  
  57  9:22  SCV  
  58  9:35  Marine x4  
  58  9:36  Marine x5  
  67  9:44  Starport  
  67  10:06  Missile Turret  
  67  10:09  Missile Turret, SCV  
  67  10:13  Missile Turret  
  68  10:14  Missile Turret  
  68  10:16  Marine x3  
  72  10:21  SCV  
  63  10:33  SCV  
  51  10:44  Marine  
  51  10:45  Marine x7, SCV  
  51  10:46  Starport Reactor  
  60  10:55  Refinery  
  60  10:57  Refinery, SCV  
  61  11:24  Medivac  
  61  11:25  Medivac, Marine  
  65  11:26  Marine x6  
  65  11:27  Marine x2  
  74  11:43  Marine x3  
  74  11:44  Marine  
  78  12:17  Marine x2  
  60  12:45  Medivac x2, Command Center  
  60  12:47  Marine x3  
  60  12:48  Marine x6  
  73  13:04  Armory  
  73  13:05  Marine x4  
  74  13:06  Marine  
  78  13:17  Supply Depot  
  78  13:18  Supply Depot  
  78  13:21  Supply Depot  
  78  13:38  Medivac x2, Marine x4  
  70  14:11  Liberator  
  70  14:22  Marine x6  
  70  14:23  Marine x3  
  80  14:39  Orbital Command, Marine  
  80  14:40  Marine x6  
  80  14:41  Marine x2  
  89  14:57  Marine x2  
  89  14:58  Marine x3  
Show
View Real Time Build Order
Export as new Build Order

JohnMcClane Terran - Winner!

Build Orders: Mech 

Get SALT Encoding   

  12  0:01  SCV  
  13  0:13  SCV  
  14  0:20  Supply Depot  
  14  0:25  SCV  
  15  0:41  SCV  
  16  0:46  Barracks  
  16  0:48  Refinery  
  16  0:55  Refinery, SCV  
  17  1:07  SCV  
  18  1:20  SCV  
  19  1:43  Supply Depot  
  19  1:44  Factory  
  19  1:48  Orbital Command  
  19  2:09  Barracks Tech Lab  
  19  2:10  Factory  
  19  2:22  SCV  
  20  2:30  Barracks  
  20  2:37  Supply Depot  
  20  2:52  Barracks Reactor  
  20  2:55  SCV  
  21  2:59  Hellion  
  21  3:02  Widow Mine  
  25  3:07  SCV  
  26  3:16  Supply Depot  
  24  3:36  Hellion  
  24  3:38  Marine  
  25  3:42  Hellion  
  25  3:43  Marine  
  28  3:55  Marine  
  28  3:57  Hellion  
  28  4:01  Marine  
  28  4:13  Marine  
  31  4:20  Factory Tech Lab  
  29  4:30  Factory Reactor, SCV  
  30  4:36  Supply Depot  
  30  4:51  Hellion  
  28  5:07  Hellion  
  30  5:10  Infernal Pre-Igniter  
  30  5:13  Hellion  
  32  5:15  Barracks Reactor  
  32  5:16  Factory  
  32  5:17  Factory  
  32  5:23  Barracks Reactor  
  32  5:25  SCV  
  33  5:30  Supply Depot  
  33  5:44  Widow Mine, Hellion x2  
  39  6:00  Hellion  
  41  6:15  Supply Depot  
  41  6:16  Supply Depot  
  41  6:20  Hellion x2  
  45  6:30  Hellion  
  36  6:52  Hellion x4  
  36  6:54  SCV  
  45  7:00  Engineering Bay  
  45  7:01  Engineering Bay  
  45  7:06  SCV  
  42  7:13  Hellion x2  
  48  7:16  Factory Tech Lab  
  48  7:18  SCV  
  47  7:22  Barracks Tech Lab  
  47  7:27  Armory  
  47  7:30  Supply Depot  
  47  7:55  Siege Tank  
  50  8:08  Terran Infantry Weapons Level 1  
  50  8:21  Widow Mine x2  
  54  8:28  Command Center  
  54  9:04  Widow Mine x3  
  60  9:16  Widow Mine x2  
  60  9:19  Siege Tank  
  63  9:45  Siege Tank  
  66  9:57  Command Center  
  66  9:59  Orbital Command  
  38  10:49  Widow Mine  
  35  10:50  Widow Mine x2  
  35  10:51  SCV x2  
  35  10:56  Refinery  
  43  10:58  Refinery  
  43  11:03  SCV  
  44  11:04  Terran Infantry Armor Level 1  
  44  11:09  Stimpack  
  44  11:11  Refinery  
  44  11:18  Missile Turret  
  44  11:22  SCV x2  
  46  11:35  Starport  
  46  11:55  Thor  
  46  11:56  Siege Tank  
  46  11:57  Hellbat  
  49  12:21  Hellbat  
  49  12:22  Hellbat x2  
  55  12:28  Siege Tank  
  58  12:39  Starport Reactor  
  58  12:55  SCV x2  
  60  13:01  Missile Turret  
  60  13:07  SCV  
  60  13:10  Orbital Command  
  61  13:17  Terran Infantry Weapons Level 2, Terran Infantry Armor Level 2  
  61  13:21  Terran Vehicle Weapons Level 1  
  61  13:24  Marine  
  61  13:25  Marauder, Marine  
  65  13:28  SCV x2  
  67  13:41  Missile Turret  
  67  13:46  Missile Turret, SCV x2  
  69  13:53  Widow Mine x2  
  73  14:05  Refinery  
  73  14:16  Thor  
  79  14:18  Widow Mine x3  
  85  14:33  SCV x3  
  88  14:55  Marine x2  
  88  14:56  Marauder, Viking  
  88  14:57  Viking  
  88  14:59  Siege Tank, Thor  
  107  15:00  Hellbat x2  
  107  15:05  Supply Depot  
  109  15:12  Supply Depot  
  109  15:17  Supply Depot  
  105  15:55  Marine x2  
  105  15:56  Marauder  
  109  15:57  Widow Mine x2, Siege Tank  
  109  15:58  Hellbat  
Show
View Real Time Build Order
Export as new Build Order

Hindulaatti Zerg - Winner!

Build Orders: Hatch First 

Get SALT Encoding   

  12  0:01  Drone  
  13  0:08  Drone  
  14  0:20  Extractor  
  13  0:21  Drone  
  13  0:22  Drone, Extractor  
  16  0:43  Hatchery  
  16  0:49  Overlord  
  15  1:05  Spawning Pool  
  14  1:12  Drone x2  
  14  1:14  Drone  
  17  1:20  Extractor  
  17  1:25  Drone  
  17  1:35  Drone  
  18  1:52  Drone  
  18  1:53  Queen  
  21  1:55  Queen  
  21  1:57  Drone x2  
  25  2:06  Drone x2  
  27  2:23  Metabolic Boost  
  27  2:26  Zergling x2  
  28  2:31  Overlord  
  28  2:53  Drone x4  
  28  2:54  Drone x2  
  34  3:04  Spine Crawler  
  33  3:07  Zergling x8, Spine Crawler  
  33  3:09  Overlord  
  32  3:39  Zergling x2  
  32  3:40  Zergling x22  
  41  3:53  Queen  
  37  4:05  Overlord x2  
  35  4:21  Hatchery  
  34  4:32  Zergling x2  
  34  4:33  Zergling x2  
  34  4:37  Drone x2  
  36  4:39  Queen  
  38  4:55  Zergling x2  
  38  4:56  Zergling x4  
  36  5:14  Zergling x6  
  36  5:15  Zergling x2, Baneling Nest  
  39  5:25  Zergling x2  
  40  5:35  Zergling x4  
  42  5:45  Drone  
  42  5:46  Drone x3  
  37  5:54  Zergling x2  
  38  6:00  Extractor  
  38  6:03  Baneling  
  38  6:04  Baneling x2  
  37  6:08  Zergling x2  
  37  6:09  Zergling x4, Extractor  
  39  6:22  Zergling x4  
  39  6:23  Zergling x10  
  46  6:38  Zergling x6  
  42  6:47  Zergling x4  
  42  6:48  Zergling x4  
  46  6:57  Zergling x6  
  46  6:58  Zergling x2  
  47  7:09  Baneling x2  
  47  7:10  Baneling  
  47  7:11  Baneling x5  
  47  7:20  Drone x6  
  53  7:27  Baneling x4  
  53  7:28  Baneling  
  53  7:31  Lair  
  53  7:55  Hatchery  
  52  8:01  Pneumatized Carapace  
  52  8:16  Drone x7  
  52  8:17  Drone  
  60  8:43  Hatchery  
  59  8:50  Evolution Chamber  
  59  8:51  Extractor  
  57  8:57  Evolution Chamber  
  56  9:08  Centrifical Hooks  
  55  9:11  Zergling x2  
  55  9:12  Zergling x18  
  64  9:29  Zerg Ground Armor Level 1, Zerg Melee Weapons Level 1  
  64  9:47  Zergling x4  
  67  10:07  Drone x3  
  50  10:29  Zergling x4  
  50  10:30  Zergling x38  
  68  10:38  Drone  
  68  10:47  Extractor  
  68  10:48  Zergling x2, Extractor  
  68  10:49  Zergling x6  
  70  10:58  Infestation Pit, Queen  
  70  11:02  Overlord x4  
  70  11:03  Overlord x2  
  71  11:10  Baneling  
  71  11:11  Baneling x23  
  71  11:12  Baneling x3  
  71  11:20  Drone x10, Queen  
  83  11:32  Zergling x2  
  83  11:33  Zergling x6  
  81  12:02  Zerg Ground Armor Level 2, Zerg Melee Weapons Level 2  
  81  12:05  Hive  
  81  12:09  Drone  
  81  12:10  Drone x11  
  78  12:27  Zergling x2  
  78  12:28  Zergling x8  
  75  12:38  Zergling x2  
  75  12:39  Zergling x22  
  86  12:55  Spore Crawler  
  86  12:56  Spore Crawler  
  84  13:04  Spore Crawler  
  83  13:06  Spore Crawler  
  83  13:11  Spore Crawler  
  81  13:12  Extractor  
  81  13:14  Extractor  
  79  13:28  Baneling  
  79  13:29  Baneling x12  
  79  13:30  Baneling x9  
  79  13:34  Pathogen Glands  
  79  13:35  Ultralisk Cavern  
  78  13:42  Drone  
  78  13:43  Drone x6  
  64  14:11  Queen x2  
  64  14:15  Spore Crawler  
  64  14:16  Spore Crawler  
  66  14:20  Zergling x2  
  66  14:21  Zergling x26  
  80  14:25  Chitinous Plating  
  80  14:27  Ultralisk x2  
  92  14:33  Ultralisk  
  98  14:53  Infestor  
  98  14:54  Infestor x4  
  108  15:00  Zergling x2  
  108  15:01  Zergling x6  
  112  15:19  Ultralisk  
  112  15:20  Zergling x2  
  119  15:21  Zergling x2  
  120  15:34  Overlord x2  
  103  16:03  Zergling x4  
  103  16:04  Zergling x22, Hatchery  
Show
View Real Time Build Order
Export as new Build Order

JackONeill Zerg - Winner!

Build Orders: Hatch First, Muta Ling Bane, Zergling Baneling 

Get SALT Encoding   

  12  0:01  Drone  
  13  0:08  Drone  
  14  0:16  Overlord  
  14  0:23  Drone, Extractor  
  15  0:35  Drone x2  
  17  0:45  Drone  
  18  1:01  Drone  
  19  1:04  Extractor  
  19  1:05  Hatchery  
  17  1:15  Spawning Pool  
  17  1:18  Drone  
  17  1:22  Drone  
  18  1:27  Drone  
  19  1:38  Drone  
  20  1:51  Overlord  
  20  2:02  Queen  
  20  2:07  Metabolic Boost  
  22  2:11  Zergling x4  
  24  2:17  Queen  
  24  2:20  Drone  
  27  2:23  Overlord  
  27  2:29  Drone  
  28  2:37  Drone, Baneling Nest  
  28  2:42  Drone  
  29  2:44  Drone  
  30  2:53  Spore Crawler  
  27  3:06  Zergling x4  
  27  3:07  Zergling x4  
  31  3:14  Overlord  
  31  3:17  Zergling x6  
  34  3:26  Baneling x3  
  34  3:27  Baneling  
  34  3:31  Zergling x4  
  34  3:33  Baneling  
  34  3:34  Baneling  
  36  3:37  Zergling x10  
  36  3:39  Baneling  
  36  3:53  Baneling x2  
  31  4:03  Zergling x10  
  31  4:04  Zergling x2  
  36  4:16  Zergling x8  
  38  4:24  Drone x2  
  40  4:36  Baneling x2  
  40  4:37  Zergling x2  
  40  4:38  Zergling x2  
  42  4:48  Baneling x3  
  42  4:49  Baneling  
  42  4:53  Extractor  
  42  4:54  Overlord x2  
  38  5:06  Zergling x4  
  38  5:07  Zergling x8  
  36  5:12  Drone  
  39  5:15  Drone  
  40  5:23  Zergling x2  
  40  5:24  Hatchery  
  40  5:25  Drone  
  40  5:26  Drone x2  
  39  5:40  Baneling  
  39  5:41  Baneling x5  
  39  5:42  Baneling  
  39  5:43  Baneling  
  39  5:46  Drone  
  39  5:47  Drone x3  
  43  5:50  Extractor  
  42  5:58  Zergling x6  
  42  6:00  Overlord  
  42  6:03  Drone  
  46  6:11  Drone x2  
  46  6:12  Drone  
  46  6:17  Lair  
  49  6:19  Drone  
  45  6:37  Zergling x4  
  45  6:38  Zergling x8  
  49  6:44  Queen  
  49  6:45  Drone x3  
  51  6:49  Drone  
  51  6:50  Drone x2  
  54  6:58  Drone x3  
  54  6:59  Drone  
  58  7:03  Extractor  
  57  7:11  Baneling x5  
  57  7:12  Baneling x5  
  57  7:14  Centrifical Hooks  
  57  7:18  Drone x2  
  57  7:20  Drone  
  60  7:24  Drone x3  
  63  7:34  Drone x3  
  63  7:35  Drone x3  
  68  7:41  Evolution Chamber x2  
  66  7:48  Overlord  
  66  7:49  Overlord x2  
  66  7:52  Extractor x2  
  64  7:59  Drone x2  
  64  8:04  Spire  
  65  8:07  Zerg Ground Armor Level 1, Zerg Melee Weapons Level 1  
  65  8:09  Overlord x2  
  65  8:25  Queen  
  65  8:26  Queen  
  69  8:36  Hatchery  
  69  8:37  Drone x3, Extractor  
  69  8:40  Drone x3  
  69  8:41  Drone x3  
  76  9:04  Spore Crawler  
  75  9:15  Zergling x12  
  75  9:16  Zergling x8, Mutalisk  
  75  9:17  Mutalisk x4  
  95  9:29  Drone x3  
  98  9:36  Zerg Flyer Weapons Level 1  
  98  9:39  Baneling x2  
  98  9:40  Baneling x6  
  98  9:41  Baneling x6  
  98  9:42  Baneling x6  
  98  9:45  Zergling x6  
  99  9:46  Zergling x10  
  101  10:03  Mutalisk  
  101  10:04  Mutalisk x6  
  115  10:13  Drone x2  
  115  10:14  Drone x3  
  119  10:16  Overlord  
  119  10:17  Overlord x3  
  119  10:21  Queen  
  93  10:31  Zergling x12  
  93  10:32  Zergling x2  
  98  10:40  Zergling x4  
  98  10:41  Zergling x6  
  103  10:46  Zergling x4  
  105  10:53  Baneling x5  
  105  10:54  Baneling x5  
  105  10:55  Baneling  
  105  10:56  Baneling x3  
  105  10:59  Overlord  
  105  11:00  Overlord  
  105  11:02  Drone  
  105  11:03  Drone x2, Extractor  
  107  11:09  Extractor  
  106  11:13  Mutalisk x6  
  106  11:14  Mutalisk x2  
  106  11:17  Drone x2  
  106  11:18  Drone  
  125  11:26  Zergling x8, Infestation Pit  
  125  11:27  Zergling x4  
  130  11:33  Drone x2  
  130  11:34  Drone  
  130  11:36  Baneling x6  
  130  11:37  Baneling  
  133  11:52  Mutalisk  
  133  11:53  Mutalisk x3  
  141  12:07  Overlord  
  141  12:08  Overlord x4  
  141  12:25  Mutalisk x6  
  141  12:26  Mutalisk  
  141  12:27  Zergling x12  
  161  12:34  Hive  
  161  12:38  Zerg Melee Weapons Level 2  
  160  13:16  Mutalisk x5  
  160  13:17  Mutalisk  
  160  13:19  Zergling x4  
  173  13:20  Zergling x12  
  173  13:21  Zergling x10  
  184  13:31  Zerg Ground Armor Level 2  
  184  13:34  Pathogen Glands  
  184  13:35  Zerg Flyer Weapons Level 2  
  184  14:21  Mutalisk x3  
  184  14:22  Mutalisk x5  
  200  14:39  Ultralisk Cavern  
  200  14:44  Spine Crawler  
  200  14:45  Spine Crawler  
  197  14:47  Spine Crawler  
  197  14:48  Spine Crawler  
  195  14:59  Mutalisk x2  
  140  15:17  Zergling x2  
  140  15:18  Zergling x12  
  140  15:19  Zergling x12  
  140  15:20  Zergling x8  
  140  15:21  Zergling x12  
Tags
 
Add a new tag
Caveats
  • Supply blocks, unpowered buildings, or Contaminate may cause inaccurate times.
  • Supply counts are checked every 10 seconds.